 Dungeon Crawl Stone Soup version 0.27.1 (webtiles) character file.

Game seed: 4800822879862100804

73 unlimited1921 the Caller (level 3, -13/26 HPs)
             Began as a Demigod Summoner on Aug 24, 2021.
             Blown up by Ijyb (24 damage)
             ... with a mindburst bolt
             ... on level 3 of the Dungeon.
             The game lasted 00:26:15 (5175 turns).

unlimited1921 the Caller (Demigod Summoner)         Turns: 5175, Time: 00:26:16

Health: -13/26     AC:  6    Str:  9    XL:     3   Next: 83%
Magic:  1/9        EV: 27    Int: 21    God:
Gold:   47         SH:  0    Dex: 14    Spells: 4/7 levels left

rFire    . . .     SeeInvis +   m - +2 dagger (vamp)
rCold    . . .     Faith    .   (no shield)
rNeg     . . .     Spirit   .   a - +0 robe
rPois    .         Reflect  .   j - +0 helmet
rElec    .         Harm     .   (no cloak)
rCorr    .         Rampage  .   b - +2 pair of gloves
Will     .....                  (no boots)
Stlth    ++........             d - amulet of the acrobat
HPRegen  0.08/turn              c - ring of see invisible
MPRegen  0.11/turn              (no ring)

@: acrobatic
A: high mp 1, forlorn
a: no special abilities


You were on level 3 of the Dungeon.
You visited 1 branch of the dungeon, and saw 3 of its levels.

You collected 47 gold pieces.

Inventory:

Hand Weapons
 g - a +0 short sword
 m - a +2 vampiric dagger (weapon)
Missiles
 k - 23 arrows
Armour
 a - a +0 robe (worn)
 b - a +2 pair of gloves (worn)
 j - a +0 helmet (worn)
Jewellery
 c - a ring of see invisible (left hand)
 d - an amulet of the acrobat (around neck)
Scrolls
 e - a scroll of brand weapon {unknown}
 h - a scroll of acquirement {unknown}
 i - a scroll of amnesia {unknown}
 l - a scroll of noise {unknown}
 n - a scroll of holy word {unknown}
Potions
 f - a potion of haste {unknown}


   Skills:
 + Level 1.8 Dodging
 + Level 2.0 Stealth
 + Level 2.8 Spellcasting
 + Level 4.4 Summonings


You had 4 spell levels left.
You knew the following spells:

 Your Spells              Type           Power      Damage    Failure   Level
a - Summon Small Mammal   Summ           84%        N/A       2%          1
b - Call Imp              Summ           21%        N/A       3%          2

Your spell library contained the following spells:

 Spells                   Type           Power      Damage    Failure   Level
 Call Canine Familiar     Summ           21%        N/A       7%          3
 Summon Guardian Golem    Hex/Summ       12%        N/A       17%         3
 Summon Lightning Spire   Summ/Air       12%        N/A       50%         4


Dungeon Overview and Level Annotations

Branches:
Dungeon (3/15)

Annotations:
D:3 Ijyb


Innate Abilities, Weirdness & Mutations

Your attributes grow dramatically as you level up.
You have an increased reservoir of magic. (+10% MP)
You shall have no god before yourself.


Message History

Your crimson imp blinks!
Ijyb zaps a wand.
Your shadow imp's mind is blasted!!
Your shadow imp is blown up!
Unknown command.
Casting: Call Imp (safe; 3% risk of failure)
Confirm with . or Enter, or press ? or * to list all spells.
A beastly little devil appears in a puff of frigid air.
Unknown command.
Level annotation: Ijyb Welcome back, unlimited1921 the Demigod Summoner.
Press ? for a list of commands and other information.
Your crimson imp blinks!
Ijyb misses your white imp.
Your white imp hits Ijyb but does no damage.
Ijyb hits your crimson imp with a +0 club.
Ijyb hits your crimson imp with a +0 club.
Your crimson imp barely misses the hobgoblin.
Your crimson imp barely misses Ijyb.
Ijyb misses your crimson imp. Something misses your crimson imp.
Your crimson imp hits the hobgoblin but does no damage.
Your crimson imp hits Ijyb but does no damage.
Ijyb closely misses your crimson imp.
Your crimson imp hits the hobgoblin.
Your crimson imp blinks!
The hobgoblin closely misses your crimson imp.
Your white imp closely misses Ijyb.
Your crimson imp hits the hobgoblin.
Ijyb zaps a wand.
Your white imp's mind is blasted!
Your white imp is blown up!
The hobgoblin hits your crimson imp.
Your crimson imp closely misses the hobgoblin.
Cast which spell? (? or * to list)
You don't know that spell.
Unknown command.
Unknown command.
Cast which spell? (? or * to list)
A shadowy apparition takes form in the air.
Ijyb zaps a wand.
Your mind is blasted!
Your shadow imp hits the goblin.
Ijyb is nearby!
Ijyb zaps a wand.
Your mind is blasted!
Ouch! That really hurt!
You die...

..######.........###.g......
...................+........
..##.####.##...5.###........
#.##.#†#.# .......
#.##.....# ..... #.#####..#
.§† #.# #..# #'# #.#####..#
#g# #..@.....# #.#
#######g########.##
#.#...ggg5..##
#.#g####......
#g#g##.##....#
#5#.#...#..#.#
#..5..........
###.......##.# ######### ..


You could see Ijyb.

Vanquished Creatures
  Terence (D:3)
  2 quokkas
  2 rats
5 creatures vanquished.

Vanquished Creatures (collateral kills)
  Robin (D:3)
  An adder (D:2)
  A dart slug (D:1)
  4 ball pythons
  5 endoplasms
  A giant cockroach (D:3)
  7 hobgoblins
  3 jackals (D:1)
  5 kobolds
  A quokka (D:2)
  2 bats (D:1)
  2 frilled lizards (D:1)
  13 goblins
  A quokka skeleton (D:2)
  7 rats
54 creatures vanquished.

Vanquished Creatures (others)
  13 plants (D:1)
  7 toadstools (D:3)
20 creatures vanquished.

Grand Total: 79 creatures vanquished

Notes
Turn   | Place    | Note
-------+----------+-------------------------------------------
     0 | D:1      | unlimited1921 the Demigod Summoner began the quest for the
                  | Orb.
     0 | D:1      | Reached XP level 1. HP: 14/14 MP: 5/5
   798 | D:1      | Reached XP level 2. HP: 19/20 MP: 4/7
  2261 | D:2      | Reached skill level 4 in Summonings
  2799 | D:2      | Reached XP level 3. HP: 11/26 MP: 4/9
  3999 | D:3      | Noticed Terence
  4011 | D:3      | Killed Terence
  4874 | D:3      | Learned a level 2 spell: Call Imp
  4897 | D:3      | Noticed Robin
  4913 | D:3      | Killed Robin
  5129 | D:3      | Noticed Ijyb
  5175 | D:3      | Blown up by Ijyb

Illustrated notes

Levels and vault maps discovered:
D:1:      minmay_arrival_stone_box, layout_loops_ring, serial_forest,
          infiniplex_forest_clump_medium, infiniplex_forest_straight_4,
          infiniplex_forest_clump_curved, infiniplex_forest_clump_small,
          infiniplex_forest_clump_long, infiniplex_forest_end_3,
          infiniplex_forest_clump_large, infiniplex_forest_clump_cross
D:2:      layout_basic
D:3:      cheibrodos_fertilizer, layout_loops_corners, tso_metal_star,
          nicolae_uskayaw_murder_on_the_dancefloor,
          hellmonk_ecumenical_altar_run_dry, amcnicky_mini_corridor_feature,
          kennysheep_generic_room_10, uniq_terence, uniq_robin, uniq_ijyb

Skill      XL: |  1  2  3 |
---------------+----------+-----
Spellcasting   | 2 |  2.8
Summonings     | 4 |  4.4
Stealth        | 2 |  2.0
Dodging        | |  1.8

Action                   || total
-------------------------++-------
Melee: Unarmed           ||     9
       Dagger            ||    57
 Cast: Summon Small Mamm ||   115
       Call Imp          ||    13
 Stab: Distracted        ||     1
Armor: Robe              ||    25
Dodge: Dodged            ||    79
